AoeStats
← Chaac1706

Arabia

504126137Analyzed
1v1 RM · 29d ago on Sep 4, 2026· 23m 43s· 2 players
Game mode
Random Map
Map size
Tiny (2 player)
Population
200
Speed
Normal
Resources
Standard
Victory
Conquest
Starting age
Dark Age
Ending age
Imperial Age
RankedLock teamsTeams togetherTeam positionsShared explorationLock speedFull tech treeHidden civsTurbo modeCheats
Victory
Defeat
🇨🇴 Muisca · Colombia
1151
+15
🇹🇼 Mongols · Taiwan
1135
-15
likeOrange
6:04 Loom
8:57 Feudal Age
9:13 Man-at-Arms
11:51 Double-Bit Axe
19:53 Fletching
20:49 Horse Collar
Chaac1706
5:13 Loom
5:19 Loom
5:21 Loom
9:04 Feudal Age
9:44 Champi Runner
13:46 Double-Bit Axe
15:19 Wheelbarrow
14:32 Horse Collar
18:17 Fletching
18:48 Town Watch
22:43 Castle Age
21:40 Padded Archer Armor
22:08 Scale Mail Armor
22:47 Crossbowman
23:30 Bodkin Arrow
Connection lost

Rejoining the realm…

Still unreachable

The connection could not be restored.

Session expired

The server has moved on; the page needs a fresh start.